Map: Kairos Junction LE

Players

Woah - Winner!

  • Race: Terran Terran
  • League: Platinum
  • Spawn Location: 5:00

SunnyDee

  • Race: Terran Terran
  • League: Platinum
  • Spawn Location: 11:00

VOD

Have the link to the VOD?

Description

Time

  • Played on: June 11, 2019, 4:12 p.m.
  • Length: 17:29
Show
View Real Time Build Order
Export as new Build Order

Woah Terran - Winner!

Build Orders:  

Get SALT Encoding   

  12  0:00  SCV  
  13  0:13  SCV  
  14  0:17  Supply Depot  
  14  0:25  SCV  
  15  0:39  Barracks  
  15  0:49  Barracks  
  15  0:56  Refinery  
  15  1:00  SCV  
  16  1:12  SCV  
  17  1:21  Barracks  
  17  1:33  Orbital Command  
  17  1:44  Refinery  
  17  1:46  Reaper  
  18  1:59  Reaper, Supply Depot  
  19  2:10  Supply Depot  
  20  2:15  Reaper  
  21  2:22  Reaper  
  21  2:34  Reaper  
  22  2:50  Reaper  
  23  2:55  Reaper  
  23  3:16  Reaper  
  23  3:22  Reaper  
  23  3:27  Reaper  
  25  3:29  Command Center  
  25  3:48  Factory  
  20  4:25  Barracks Tech Lab  
  20  4:26  Barracks Reactor  
  20  4:27  SCV  
  21  4:39  SCV  
  21  4:42  Barracks Tech Lab  
  22  4:51  SCV  
  22  4:52  Orbital Command  
  23  4:54  Cyclone  
  26  5:01  Marauder  
  28  5:07  SCV  
  28  5:10  Orbital Command  
  29  5:19  SCV  
  29  5:20  Engineering Bay  
  24  5:43  Cyclone  
  24  5:44  Marine  
  26  5:50  Marauder, Marine x2  
  26  5:56  Supply Depot  
  30  6:08  Marine  
  30  6:11  Marauder  
  27  6:22  SCV  
  28  6:26  Barracks Reactor  
  28  6:30  Factory Tech Lab  
  28  6:34  SCV  
  29  6:45  Supply Depot x2  
  29  6:46  SCV  
  30  6:48  Stimpack  
  30  6:58  SCV  
  30  7:01  Starport  
  31  7:10  SCV  
  31  7:14  SCV  
  33  7:22  SCV  
  34  7:25  Marine x5  
  34  7:27  Siege Tank  
  42  7:34  SCV  
  43  7:37  Viking  
  43  7:39  SCV  
  43  7:43  Marine  
  47  7:46  Refinery  
  47  7:49  Terran Infantry Weapons Level 1  
  47  7:50  SCV  
  48  7:53  SCV  
  49  8:02  SCV  
  51  8:05  SCV  
  51  8:08  Missile Turret  
  32  8:37  SCV  
  32  8:38  SCV  
  34  8:43  Viking  
  36  8:49  SCV  
  36  8:50  SCV  
  36  8:53  Siege Tank  
  41  8:57  Marine x5  
  41  9:01  SCV  
  47  9:07  SCV  
  47  9:09  Combat Shield  
  48  9:13  Starport Reactor  
  48  9:15  Marine  
  47  9:26  Siege Tank  
  39  9:53  SCV x2  
  39  9:56  Command Center  
  41  10:01  Viking  
  38  10:28  Marine x2  
  33  10:29  Marauder, Marine x2  
  38  10:46  Marine x3  
  38  10:47  SCV, Marine  
  43  10:51  Marauder  
  43  10:53  SCV  
  43  10:57  Terran Infantry Armor Level 1  
  46  11:04  SCV  
  46  11:05  SCV  
  48  11:12  Missile Turret  
  48  11:14  Liberator  
  48  11:17  SCV, Marine x2  
  51  11:29  Viking  
  56  11:38  Supply Depot  
  51  12:04  Siege Tank  
  51  12:05  SCV x3  
  57  12:15  Marine x4  
  57  12:16  Marauder  
  63  12:33  Medivac, Marine x4  
  69  12:37  Marauder  
  68  12:59  Marauder  
  59  13:15  Marine x4  
  59  13:19  Marine  
  54  13:33  Marine x4  
  52  13:37  Marine  
  50  13:51  Marine x4  
  50  13:55  Marine  
  51  14:25  Orbital Command  
  51  14:26  SCV x2  
  51  14:31  Siege Tank  
  56  14:38  SCV x2  
  57  14:45  Starport Reactor  
  58  14:50  Armory, SCV, Marauder, Marine x4  
  66  15:02  SCV  
  63  15:07  Marine  
  63  15:08  Marine  
  63  15:09  Siege Tank  
  59  15:14  SCV  
  60  15:22  Command Center  
  60  15:24  Missile Turret  
  60  15:28  Missile Turret  
  60  16:34  Marine x2  
  62  16:59  Marine x2  
  62  17:02  Marine x2  
  62  17:07  Marine  
Show
View Real Time Build Order
Export as new Build Order

SunnyDee Terran 

Build Orders: Reaper Expand 

Get SALT Encoding   

  12  0:01  SCV  
  13  0:17  Supply Depot  
  13  0:18  SCV  
  14  0:30  SCV  
  15  0:40  Barracks  
  15  0:42  SCV  
  16  0:48  Refinery  
  16  0:54  SCV  
  17  1:06  SCV  
  18  1:19  SCV  
  19  1:33  Reaper  
  19  1:35  Command Center  
  20  1:45  Orbital Command  
  20  2:05  Marine  
  21  2:10  Supply Depot  
  21  2:21  SCV, Factory  
  22  2:23  Marine  
  22  2:25  Refinery  
  23  2:41  Marine  
  21  3:16  Hellion  
  23  3:31  Marine  
  23  3:38  Hellion  
  24  3:45  SCV  
  25  3:49  Reaper  
  25  3:57  SCV  
  25  3:59  Hellion  
  25  4:09  SCV  
  23  4:21  SCV, Hellion  
  23  4:22  Orbital Command  
  26  4:42  Hellion  
  29  4:45  Reaper  
  29  4:47  SCV  
  31  4:52  SCV  
  31  4:59  SCV  
  32  5:05  SCV  
  33  5:09  Factory Reactor  
  33  5:11  Factory Tech Lab  
  33  5:13  SCV  
  34  5:17  SCV, Marine  
  36  5:25  SCV  
  37  5:29  SCV  
  32  5:49  Marine  
  33  6:07  Marine  
  28  6:23  SCV  
  28  6:25  Marine  
  29  6:26  Siege Tank  
  32  6:33  Barracks  
  32  6:34  Barracks  
  32  6:35  SCV  
  32  6:36  Barracks  
  32  6:39  SCV  
  34  6:42  Marine  
  35  6:48  SCV  
  35  6:51  SCV  
  35  6:52  Starport  
  37  6:58  Siege Tank  
  37  7:00  SCV  
  42  7:12  SCV  
  42  7:13  Engineering Bay, Barracks Reactor  
  42  7:16  Starport  
  42  7:17  Starport  
  42  7:24  SCV  
  43  7:35  Engineering Bay  
  43  7:36  SCV, Barracks Tech Lab  
  44  7:38  Barracks Reactor  
  44  7:43  Barracks Tech Lab  
  44  7:44  Viking  
  46  7:55  SCV, Marine x2, Supply Depot  
  49  8:04  Starport Tech Lab  
  49  8:07  Command Center  
  49  8:08  SCV  
  50  8:13  Marine x2  
  52  8:31  Marine x2  
  52  8:32  Marauder x2, Marine x2  
  52  8:33  Siege Tank  
  53  8:48  SCV  
  53  8:49  Marine x3  
  53  8:50  Marine  
  53  8:54  Marauder x2  
  62  9:01  Starport Reactor  
  62  9:11  Stimpack  
  62  9:18  SCV, Marine x3  
  62  9:19  Marauder  
  68  9:30  SCV  
  69  9:43  SCV  
  54  9:55  SCV  
  54  9:56  Marine  
  54  9:57  Marauder x2, Marine x3  
  64  10:07  SCV  
  64  10:14  Marine x2  
  64  10:15  Marine  
  64  10:18  Marauder  
  64  10:19  Marauder  
  68  10:40  Marauder x2  
  72  10:44  Marine x4  
  72  10:49  Starport Reactor  
  76  10:56  SCV  
  77  11:00  Supply Depot  
  77  11:01  Supply Depot  
  77  11:02  Supply Depot  
  77  11:06  Refinery  
  77  11:21  Medivac x2, Marine x2  
  77  11:22  Marauder  
  77  11:23  SCV x3, Marauder, Marine x2  
  92  11:28  Supply Depot  
  92  11:35  SCV  
  92  11:43  Marauder  
  92  11:45  Marauder  
  68  11:47  SCV  
  68  11:52  Marine  
  68  11:53  Marine x3  
  64  11:59  SCV  
  65  12:01  SCV  
  65  12:05  Marauder  
  65  12:06  Marauder  
  70  12:10  Marine x2  
  70  12:11  SCV, Marine x2  
  75  12:23  SCV  
  75  12:26  Marauder  
  75  12:27  Marauder  
  75  12:28  Marine x3  
  75  12:29  Marine  
  86  12:37  Siege Tank  
  82  12:46  Marine x3  
  82  12:47  Marauder, Marine  
  82  12:49  Marauder  
  65  13:04  Marine x2  
  66  13:09  Marauder, Siege Tank  
  66  13:10  Marauder  
  66  13:20  Marine  
  66  13:21  Marine  
  69  13:30  Marauder  
  69  13:31  Marauder  
  63  13:37  Marine  
  62  13:52  Marauder  
  60  14:20  Marauder, Marine x3  
  63  14:30  SCV  
  64  14:34  Terran Infantry Weapons Level 1  
  64  14:37  Command Center  
  64  14:38  Combat Shield  
  64  14:42  SCV, Terran Infantry Armor Level 1  
  36  15:16  Marine  
  36  15:17  Marauder, Marine x2  
  36  15:18  Siege Tank  
  44  15:34  Marine  
  44  15:35  Marine x2  
  47  15:38  Marauder  
  49  15:51  Siege Tank  
  49  15:52  Marine  
  53  15:59  Marauder  
  52  16:16  Viking  
  54  16:24  Viking  
  56  16:37  SCV  
  57  16:46  Command Center  
Tags
 
Matchup
TvT
Race
Terran
Replay Pack
r1
Spawn Locations
Cross Positions
Add a new tag
Caveats
  • Supply blocks, unpowered buildings, or Contaminate may cause inaccurate times.
  • Supply counts are checked every 10 seconds.